Unix NetHack Version 3.7.0-83 Work-in-progress - last build Apr 28 2023 22:06:38 (2625824c38750939014cf799bb7ff71c9e9c2d48,branch:master). Game began 2023-05-04 16:23:09, ended 2023-05-08 13:31:34. MaestroSpook, neutral male gnomish Healer ----- ------------ |...| |..........| |...| |..........| |...| |..........| |...| |........>..# -(--- ### --.---------o ## H # # # # # # #### @ # # ## ----.- ## ########## |...O-#### ------- # G-|------------- |....| ##### |.....| # #|......<......| |..... 0## ####|......##### ------.- #|.....%.......| ||...| #-.....|### ##+......| #-.............| ------ -------# ####|......| |.............| #.......| --------------- -------- MaestroSpook the Dresser St:16 Dx:12 Co:21 In:9 Wi:17 Ch:16 Neutral Dlvl:12 $:0 HP:0(84) Pw:12(93) AC:-4 Xp:10/6923 T:16838 Blind Latest messages: In what direction? The sleep ray hits the gnome queen. The sleep ray hits the hobgoblin. $ - 103 gold pieces (427 in total). You see here a bugbear corpse. You find a hidden door. The door resists! The door opens. You hear the footsteps of a guard on patrol. You enter an opulent throne room! $ - 72 gold pieces (499 in total). What do you want to throw? [$d or ?*] In what direction? # You sit on the opulent throne. You feel somehow out of place... The throne vanishes in a puff of logic. $ - 499 gold pieces. What do you want to use or apply? [acegmwB-DGRW or ?*] You put 499 gold pieces into the bag called BOH. You are beginning to feel weak. What do you want to use or apply? [acegmwB-DGRW or ?*] l - 3 uncursed blueberry muffins. What do you want to eat? [l or ?*] My, this is a yummy blueberry muffin! You descend the stairs. You climb up the stairs. You see here a blindfold. F - a blindfold. This door is locked. This door is locked. I - a scroll called identify. The door opens. The giant rat misses! You kill the giant rat! Something is engraved here on the headstone. You read: "Alone at last!". You hear a door open. The stone giant zaps a wand of lightning! The bolt of lightning hits you! Your wand of sleep breaks apart and explodes! Your wand of striking breaks apart and explodes! Your wand of sleep breaks apart and explodes! Your wand of digging breaks apart and explodes! You are blinded by the flash! The bolt of lightning hits you! Pick an object. You hear a nearby zap. The bolt of lightning hits you! You die... Inventory: Weapons (')') d - an uncursed +0 aklys named ammo Armor ('[') H - an uncursed thoroughly rusty corroded +0 helmet (being worn) b - a blessed +1 pair of leather gloves (being worn) S - a blessed +0 pair of water walking boots (being worn) J - an uncursed +0 dwarvish cloak (being worn) z - an uncursed +0 leather armor (being worn) Comestibles ('%') l - 2 uncursed blueberry muffins Scrolls ('?') I - an uncursed scroll of identify Rings ('=') P - an uncursed +4 ring of gain constitution (on right hand) O - an uncursed +1 ring of gain strength (on left hand) Wands ('/') C - an uncursed wand of striking (0:1) Tools ('(') a - an uncursed bag of holding containing 32 items F - an uncursed blindfold W - an uncursed magic lamp e - an uncursed magic whistle c - an uncursed stethoscope w - an uncursed +1 unicorn horn (weapon in hands) Gems/Stones ('*') B - an uncursed luckstone D - an uncursed luckstone Contents of the bag of holding: 3248 gold pieces an uncursed amulet of unchanging a cursed -1 worm tooth an uncursed tripe ration an uncursed lichen corpse 4 uncursed scrolls of blank paper a blessed scroll of create monster a cursed scroll of destroy armor an uncursed scroll of enchant armor 3 uncursed scrolls of identify an uncursed scroll of magic mapping 2 uncursed scrolls of teleportation an uncursed spellbook of healing an uncursed potion of blindness a cursed potion of levitation an uncursed potion of object detection an uncursed potion of speed an uncursed ring of polymorph control an uncursed ring of regeneration an uncursed ring of see invisible an uncursed ring of sustain ability an uncursed wand of light (0:14) an uncursed wand of light (0:12) an empty uncursed oilskin sack an uncursed leather drum an uncursed magic marker (0:46) an uncursed skeleton key an uncursed tin opener 2 uncursed topaz stones an uncursed turquoise stone an uncursed worthless piece of green glass 2 uncursed worthless pieces of red glass MaestroSpook the Healer's attributes: Background: You were a Dresser, a level 10 male gnomish Healer. You were neutral, on a mission for Hermes who was opposed by Athena (lawful) and Poseidon (chaotic). You were in the Dungeons of Doom, on level 12. You entered the dungeon 16838 turns ago. You had 6923 experience points, 3077 more were needed to attain level 11. Basics: You had 0 out of 84 hit points. You had 12 out of 93 energy points (spell power). Your armor class was -4. Your wallet was empty, but you had 3248 zorkmids stashed away in your pack. Autopickup was on for '$%?!"=/*', with exceptions. Final Characteristics: Your strength was 16 (base:15, limit:18/50). Your dexterity was 12 (peak:13, limit:18). Your constitution was 21 (base:17, innate limit:18). Your intelligence was 9 (limit:19). Your wisdom was 17 (limit:18). Your charisma was 16 (limit:18). Final Status: You were temporarily blind. You were not hungry. You were unencumbered. You were wielding a unicorn horn. You had basic skill with unicorn horn. Final Attributes: You were piously aligned. You were cold resistant. You were poison resistant. You were telepathic. You had infravision. You could walk on water. You had a moderate defense bonus (+9). You were warded. You were lucky. You had extra luck. Bad luck did not time out for you. Good luck did not time out for you. You are dead. Miscellaneous: You disabled loading of bones levels. Total elapsed playing time was 3 hours, 29 minutes and 17 seconds. Major events: Turn 1: MaestroSpook the neutral male gnomish Healer entered the dungeon 644: entered the Gnomish Mines 3343: attained the rank of Empiric (level 3) 5006: attained the rank of Embalmer (level 6) 5703: acquired the Mines' End luckstone 7390: was bestowed with Mjollnir by Hermes 9384: entered Sokoban 9760: completed 1st Sokoban level 10742: completed 2nd Sokoban level 11332: completed 3rd Sokoban level 12559: completed 4th Sokoban level 15616: attained the rank of Dresser (level 10) 15769: acquired the Sokoban bag of holding 16838: killed by a bolt of lightning zapped by a stone giant Vanquished creatures: 2 giant mimics 2 long worms an elven monarch a stalker an earth elemental a warg a winter wolf 2 small mimics a glass piercer 2 warhorses an ettin mummy an ogre leader a troll 2 large dogs 2 freezing spheres a shocking sphere a large cat 2 tengu an ochre jelly a leocrotta a mountain centaur an elf mummy a pit viper a leather golem 2 watchmen a chameleon 2 giant beetles a quivering blob 5 cockatrices 3 wolves 3 winter wolf cubs 3 gremlins 4 leprechauns an orc-captain an iron piercer 3 giant spiders 3 vampire bats a forest centaur 2 gnome rulers an orc mummy a dwarf mummy an ogre a brown pudding 3 rust monsters a yeti a Green-elf 3 lizards 2 chickatrices a dingo 2 dogs 2 housecats 2 dwarf leaders a blue jelly 2 white unicorns a black unicorn a dust vortex a plains centaur 3 snakes 2 apes 7 human zombies a rope golem a Woodland-elf 3 soldier ants a fire ant 7 bugbears an imp a quasit a wood nymph 6 Mordor orcs 3 Uruk-hai an orc shaman 4 rock piercers 4 rock moles a pony 4 fog clouds 3 yellow lights 3 shriekers 2 violet fungi 8 gnome leaders 6 gnomish wizards a golden naga hatchling 2 gray oozes 3 elf zombies 2 straw golems a paper golem 18 giant ants a little dog 2 floating eyes 2 kittens 14 dwarves 5 homunculi a kobold leader 2 kobold shamans 17 hill orcs 7 rothes 2 rabid rats a centipede 3 giant bats a monkey 2 orc zombies 5 dwarf zombies 2 wererats 3 werejackals 7 iguanas 3 acid blobs 7 coyotes 5 gas spores 5 hobbits 20 manes 2 large kobolds 10 hobgoblins 6 giant rats 5 cave spiders 2 brown molds a yellow mold 2 green molds 2 red molds 17 gnomes 3 garter snakes 5 gnome zombies 11 geckos 21 jackals 2 foxes 3 kobolds 7 goblins 2 sewer rats 8 grid bugs 3 bats 8 lichens 2 kobold zombies 12 newts 444 creatures vanquished. No species were genocided or became extinct. Voluntary challenges: You read items or engraved 19 times. You engraved Elbereth 11 times. You never genocided any monsters. You never polymorphed an object. You never changed form. You used no wishes. You violated the special Sokoban rules thrice. Achievements: You entered the Gnomish Mines. You entered a temple. You entered a shop. You attained the rank of Empiric. You attained the rank of Embalmer. You completed the Gnomish Mines. You entered Sokoban. You attained the rank of Dresser. You completed Sokoban. The Dungeons of Doom: levels 1 to 13 Level 1: A fountain. Level 2: Stairs down to The Gnomish Mines. Level 3: A fountain. Level 4: A fountain. Level 5: An altar to Hermes. Level 6: Level 7: Many fountains. Level 8: A grave. Stairs up to Sokoban, level 7. Level 9: A sink. Level 10: Level 11: An altar to Hermes, some fountains. Level 12: <- You were here. A grave. Final resting place for you, killed by a bolt of lightning zapped by a stone giant. Level 13: The Gnomish Mines: levels 3 to 10 Level 3: Level 4: Level 5: Many shops, a temple, some fountains. Level 6: Level 7: Level 8: Level 9: Level 10: A fountain. Sokoban: levels 7 up to 4 Level 4: Solved. Level 5: Solved. Level 6: Solved. Level 7: Solved. Game over: ---------- / \ / REST \ / IN \ / PEACE \ / \ | MaestroSpook | | 3248 Au | | killed by a bolt | | of lightning | | zapped by a | | stone giant | | 2023 | *| * * * | * _________)/\\_//(\/(/\)/\//\/|_)_______ Goodbye MaestroSpook the Healer... You died in The Dungeons of Doom on dungeon level 12 with 29511 points, and 3248 pieces of gold, after 16838 moves. You were level 10 with a maximum of 84 hit points when you died.